 Dungeon Crawl Stone Soup version 0.27-a0-1200-g94dc6ad4cf (webtiles) character file.

Game seed: 10559224590763279066

86 Strat the Sneak (level 4, -3/32 HPs)
             Began as a Vampire Conjurer on May 31, 2021.
             Killed by divine providence
             ... invoked by an orc priest
              (14 damage)
             ... on level 3 of the Dungeon.
             The game lasted 00:06:24 (2588 turns).

Strat the Sneak (Vampire Conjurer)                  Turns: 2588, Time: 00:06:24

Health: -3/32      AC:  4    Str:  7    XL:     4   Next: 26%
Magic:  0/7        EV: 12    Int: 20    God:
Gold:   106        SH:  0    Dex: 12    Spells: 4/7 levels left

rFire    . . .     SeeInvis +   a - +0 short sword
rCold    . . .     Faith    .   (no shield)
rNeg     . . .     Spirit   .   e - +0 robe
rPois    .         Reflect  .   l - +1 helmet
rElec    .         Harm     .   (no cloak)
rCorr    .         Rampage  .   (no gloves)
Will     .....                  (no boots)
Stlth    +++.......             (no amulet)
HPRegen  0.30/turn              (no ring)
MPRegen  0.10/turn              (no ring)

@: healing quickly
A: alive, fangs 3, see invisible, vampiric 2
a: Exsanguinate


You were on level 3 of the Dungeon.
You visited 1 branch of the dungeon, and saw 3 of its levels.

You collected 106 gold pieces.

Inventory:

Hand Weapons
 a - a +0 short sword (weapon)
 d - a +0 dagger
Armour
 e - a +0 robe (worn)
 l - a +1 helmet (worn)
 m - a +0 leather armour
Magical Staves
 b - a staff of conjuration
Jewellery
 f - an amulet of faith
 g - a ring of flight
 i - a ring of magical power
Potions
 c - a potion of brilliance {unknown}
 h - a potion of attraction {unknown}
 j - a potion of flight {unknown}
 k - a potion of curing {unknown}


   Skills:
 - Level 1.0 Fighting
 + Level 2.4 Short Blades
 - Level 2.1 Dodging
 + Level 5.5 Stealth
 - Level 2.0 Spellcasting
 - Level 2.9 Conjurations


You had 4 spell levels left.
You knew the following spells:

 Your Spells              Type           Power      Damage    Failure   Level
a - Magic Dart            Conj           52%        1d5       4%          1
b - Searing Ray           Conj           26%        3d4       7%          2

Your spell library contained the following spells:

 Spells                   Type           Power      Damage    Failure   Level
 Dazzling Flash           Conj/Hex       14%        N/A       26%         3
 Fulminant Prism          Conj/Hex       3%         3d6       65%         4
 Iskenderun's Mystic Bla  Conj/Tloc      7%         2d4       65%         4


Dungeon Overview and Level Annotations

Branches:
Dungeon (3/15)

Altars:

Annotations:
D:3 Natasha


Innate Abilities, Weirdness & Mutations

Your natural rate of healing is accelerated.
You have razor-sharp teeth.
You have supernaturally acute eyesight. (SInv)
You are afflicted with vampirism and can become a bat while bloodless.


Message History

* * * LOW MAGIC WARNING * * *
Casting: Magic Dart (safe; 4% risk of failure)
Confirm with . or Enter, or press ? or * to list all spells.
Aiming: Searing Ray (safe; 7% risk of failure)
Press: ? - help, Shift-Dir - straight line, f/p - orc
Aim: an orc, wielding a +0 falchion (severely wounded, 78% to hit)
You feel a surge of power!
The searing ray hits the orc!
You kill the orc! (Press . to maintain the ray.)
* * * LOW MAGIC WARNING * * *
a - a +0 short sword (weapon)
Okay, then.
The orc priest mumbles some strange prayers to Beogh against you.
Beogh smites you!
Ouch! That really hurt!
* * * LOW HITPOINT WARNING * * *
Items here: )) ††.
You barely miss the orc priest. You hit the orc priest.
The orc priest is lightly wounded.
The orc priest barely misses you.
You closely miss the orc priest.
The orc priest is lightly wounded.
The orc priest hits you with a +0 flail!
* * * LOW HITPOINT WARNING * * *
Casting: Searing Ray (safe; 7% risk of failure)
Confirm with . or Enter, or press ? or * to list all spells.
You don't have enough magic to cast this spell.
The orc priest hits you but does no damage.
Casting: Searing Ray (safe; 7% risk of failure)
Confirm with . or Enter, or press ? or * to list all spells.
Aiming: Magic Dart (safe; 4% risk of failure)
Press: ? - help, Shift-Dir - straight line, f - orc priest
Aim: an orc priest, wielding a +0 flail and wearing a +0 leather armour (lightly wounded, 100% to hit)
The magic dart hits the orc priest but does no damage.
The orc priest is lightly wounded.
* * * LOW MAGIC WARNING * * *
The orc priest calls down the wrath of Beogh upon you.
Beogh smites you!
You die...

#.. #.# ...
#.# #.# #o#
#.# #.# #.#
#o# #.# #.#
#.# #.#
#.#######.#
#.....@o).#
###########


You could see an orc priest.

Vanquished Creatures
  An iguana (D:2)
  Robin (D:2)
  A worm (D:2)
  2 dart slugs (D:1)
  3 orcs (D:3)
  An endoplasm (D:2)
  8 goblins
  3 hobgoblins
  4 jackals (D:1)
  2 kobolds
  2 quokkas (D:1)
  4 ball pythons
  5 bats
  A frilled lizard (D:1)
  A rat (D:1)
39 creatures vanquished.

Notes
Turn   | Place    | Note
-------+----------+-------------------------------------------
     0 | D:1      | Strat the Vampire Conjurer began the quest for the Orb.
     0 | D:1      | Reached XP level 1. HP: 13/13 MP: 3/3
   288 | D:1      | Reached skill level 1 in Fighting
   288 | D:1      | Reached XP level 2. HP: 21/21 MP: 0/5
   344 | D:1      | Learned a level 2 spell: Searing Ray
   687 | D:1      | Reached skill level 4 in Stealth
  1106 | D:1      | Reached skill level 1 in Short Blades
  1358 | D:2      | Gained mutation: You are afflicted with vampirism and can
                  | become a bat while bloodless. [Vampire growth]
  1358 | D:2      | Reached XP level 3. HP: 26/26 MP: 1/6
  1725 | D:2      | Reached skill level 5 in Stealth
  1839 | D:2      | Noticed Robin
  2015 | D:2      | Killed Robin
  2016 | D:2      | Reached XP level 4. HP: 32/32 MP: 2/7
  2531 | D:3      | Noticed Natasha
  2588 | D:3      | Killed from afar by an orc priest

Illustrated notes

Levels and vault maps discovered:
D:1:      eino_arrival_cavern_a, layout_basic
D:2:      layout_basic, serial_curves, eino_curves_04, eino_curves_03,
          uniq_robin
D:3:      layout_basic, lemuel_round_altar, uniq_natasha

Skill      XL: |  1  2  3 |
---------------+----------+-----
Fighting       | 1 |  1.0
Stealth        | 4 5 |  5.5
Short Blades   | 1 2 |  2.4
Dodging        | |  2.1
Spellcasting   | |  2.0
Conjurations   | |  2.9

Action                   |  1- 3 |  4- 6 || total
-------------------------+-------+-------++-------
Melee: Dagger            |     5 |       ||     5
       Bite              |     1 |       ||     1
       Short sword       |     1 |     3 ||     4
 Cast: Magic Dart        |    23 |     2 ||    25
       Searing Ray       |    16 |     5 ||    21
  Use: Scroll            |       |     1 ||     1
 Stab: Sleeping          |     1 |       ||     1
Armor: Robe              |     3 |     1 ||     4
Dodge: Dodged            |     5 |     1 ||     6

Table legend: (Time is in decaauts)
 A = Elapsed time spent in this place.
 B = Non-inter-level travel time spent in this place.
 C = Inter-level travel time spent in this place.
 D = Time resting spent in this place.
 E = Time spent auto-exploring this place.
 F = Levels seen in this place.
 G = Mean time per level.
                   A        B        C        D        E       F      G
               +--------+--------+--------+--------+--------+-----+--------+
         Total |   2584 |   2511 |     73 |    527 |   1556 |   3 |  861.3 |
       Dungeon |   2584 |   2511 |     73 |    527 |   1556 |   3 |  861.3 |
               +--------+--------+--------+--------+--------+-----+--------+

Top non-repeatable levels by time:
     D:2: 1272 daAuts
     D:1: 1217 daAuts
     D:3: 95 daAuts
